 Dungeon Crawl Stone Soup version 0.18.1-50-g88ac8fd (webtiles) character file.

560 grisgris the Skirmisher (level 7, -4/44 HPs)
             Began as a Gargoyle Fighter on Oct 26, 2016.
             Was an Initiate of Qazlal.
             Slain by an orc warrior
             ... wielding a +0 mace
              (9 damage)
             ... on level 6 of the Dungeon.
             The game lasted 00:12:33 (4048 turns).

grisgris the Skirmisher (Gargoyle Fighter)          Turns: 4048, Time: 00:12:33

Health: -4/44      AC: 16    Str: 26    XL:     7   Next: 31%
Magic:  10/10      EV:  8    Int:  9    God:    Qazlal [......]
Gold:   281        SH: 10    Dex:  9    Spells: 0 memorised, 6 levels left

rFire  . . .     SeeInvis .     a - +0 flail
rCold  . . .     Gourm    .     b - +0 scale mail
rNeg   + . .     Faith    .     c - +0 shield
rPois  ∞         Spirit   .     (no helmet)
rElec  +         Dismiss  .     k - +2 cloak
rCorr  .         Reflect  .     n - +0 pair of gloves
SustAt .         Harm     .     (no boots)
MR     +....                    (no amulet)
Stlth  ..........               w - ring of protection from magic
                                o - ring of flight

@: mighty, somewhat resistant to hostile enchantments, extremely unstealthy
A: negative energy resistance 1, electricity resistance, unbreathing,
petrification resistance, rot immunity, AC +4
a: Renounce Religion, Evoke Flight


You were on level 6 of the Dungeon.
You worshipped Qazlal.
Qazlal was noncommittal.
You were not hungry.

You visited 1 branch of the dungeon, and saw 6 of its levels.

You collected 281 gold pieces.

Inventory:

Hand Weapons
 a - a +0 flail (weapon)
 g - a +0 dagger
 h - a +0 dagger
 i - a +0 dagger
 l - a +0 dagger (quivered)
 m - a +0 dagger
 p - a +0 dagger
 s - a +0 dagger
 t - a +0 dagger
Armour
 b - a +0 scale mail (worn)
 c - a +0 shield (worn)
 k - a +2 cloak (worn)
 n - a +0 pair of gloves (worn)
Jewellery
 o - a ring of flight (left hand)
 w - a ring of protection from magic (right hand)
Wands
 v - a wand of slowing (19/48)
Scrolls
 e - 3 scrolls of remove curse
 y - a scroll of fear {unknown}
 z - a scroll of random uselessness {unknown}
 A - 2 scrolls of identify
Potions
 d - 4 potions of might
 q - 3 potions of cure mutation
 u - a potion of cancellation {unknown}
Books
 x - a book of Envenomations

   Spells                             Type                      Level
   a - Spider Form                    Transmutation/Poison         3
   b - Olgreb's Toxic Radiance        Poison                       4
   c - Alistair's Intoxication        Transmutation/Poison         5
   d - Poisonous Cloud                Conjuration/Poison/Air       6
Comestibles
 f - 4 bread rations
 j - 5 fruits


   Skills:
 + Level 5.1 Fighting
 + Level 3.4 Maces & Flails
 - Level 1.0 Throwing
 + Level 4.5 Armour
 + Level 4.8 Shields
 * Level 4.0 Invocations


You had 6 spell levels left.
You didn't know any spells.

Dungeon Overview and Level Annotations

Branches:
Dungeon (6/15)
 Temple: D:4-7

Altars:
Ashenzari
Cheibriados
Makhleb
Okawaru
Qazlal
Vehumet
Yredelemnul
Zin

Annotations:
D:4 slayr's ghost, amateur FeSu


Innate Abilities, Weirdness & Mutations

You are resistant to torment.
Your stone body is resilient (AC +4).
You are immune to poison.
You resist negative energy.
You are resistant to electric shocks.
You can survive without breathing.
You are immune to petrification.
You are immune to rotting.


Message History

You barely miss the orc warrior.
The orc priest calls upon Beogh to heal the orc priest.
The orc priest's wounds heal themselves!
The orc warrior hits you with a mace!
You thump the orc warrior!
The orc warrior is moderately wounded.
You block the orc warrior's attack.
You barely miss the orc warrior.
The orc warrior is moderately wounded.
The orc warrior hits you with a mace.
The orc priest calls down the wrath of Beogh upon you.
Beogh smites you!
* * * LOW HITPOINT WARNING * * *
Drink which item? (? for menu, Esc to quit)
You feel better. The orc warrior hits you with a mace!
* * * LOW HITPOINT WARNING * * *
You hit the orc warrior.
The orc warrior is heavily wounded.
The orc warrior hits you with a mace!
You die...

#..............#
##...........(###
###............##
#......<.....###
...##...o.####
#..oo## ####o#
#o# #@# #.# #.#
#.# #.# #.# #.#
###


You could see an orc warrior, 2 orc priests and 2 orcs.

Vanquished Creatures
  A sky beast (D:5)
  A centaur (D:5)
  A scorpion (D:4)
  A howler monkey (D:5)
  A hound (D:5)
  An orc priest (D:3)
  An orc wizard (D:3)
  A centaur skeleton (D:4)
  Terence (D:3)
  6 adders
  2 oozes
  A worm (D:5)
  3 dart slugs (D:1)
  4 giant geckos
  7 orcs
  4 giant cockroaches
  9 goblins
  7 hobgoblins
  2 quokkas (D:3)
  7 bats
  4 giant newts
  9 kobolds
  9 rats
83 creatures vanquished.

Notes
Turn   | Place    | Note
--------------------------------------------------------------
     0 | D:1      | grisgris the Gargoyle Fighter began the quest for the Orb.
     0 | D:1      | Reached XP level 1. HP: 14/14 MP: 1/1
    66 | D:1      | Reached XP level 2. HP: 18/19 MP: 2/2
   126 | D:1      | Reached skill level 4 in Fighting
   126 | D:1      | Reached XP level 3. HP: 19/24 MP: 3/3
  1027 | D:2      | Reached XP level 4. HP: 28/30 MP: 4/4
  1187 | D:2      | Found a stormy altar of Qazlal.
  1194 | D:2      | Became a worshipper of Qazlal Stormbringer
  1593 | D:3      | Reached skill level 1 in Throwing
  1787 | D:3      | Reached skill level 1 in Invocations
  2021 | D:3      | Found an iron altar of Okawaru.
  2034 | D:3      | Found a burning altar of Makhleb.
  2045 | D:3      | Found a snail-covered altar of Cheibriados.
  2082 | D:3      | Noticed Terence
  2096 | D:3      | Killed Terence
  2096 | D:3      | Reached XP level 5. HP: 31/34 MP: 4/6
  2122 | D:3      | Found a glowing silver altar of Zin.
  2319 | D:3      | Found a basalt altar of Yredelemnul.
  2349 | D:3      | Found a radiant altar of Vehumet.
  2603 | D:4      | Reached XP level 6. HP: 23/39 MP: 7/7
  2947 | D:4      | Noticed slayr's ghost (amateur FeSu)
  2966 | D:5      | Entered Level 5 of the Dungeon
  3413 | D:5      | Noticed a sky beast
  3440 | D:5      | Killed a sky beast
  3440 | D:5      | Reached skill level 5 in Fighting
  3440 | D:5      | Reached XP level 7. HP: 30/44 MP: 9/9
  3899 | D:5      | Found a shattered altar of Ashenzari.
  4048 | D:6      | Slain by an orc warrior

Skill      XL: |  1  2  3  4  5  6  7 |
---------------+----------------------+-----
Fighting       | 4 5 |  5.1
Throwing       | 1 |  1.0
Invocations    | 1 2 3 4 |  4.0
Shields        | 4 |  4.8
Armour         | 4 |  4.5
Maces & Flails | 3 |  3.4

Action                   |  1- 3 |  4- 6 |  7- 9 || total
-------------------------+-------+-------+-------++-------
Melee: Flail             |    44 |   201 |    21 ||   266
       Dagger            |   145 |    27 |       ||   172
  Use: Scroll            |     3 |     4 |       ||     7
       Potion            |       |     6 |     3 ||     9
  Eat: Chunk             |       |     3 |       ||     3
       Fruit             |       |     4 |       ||     4
       Pizza             |       |     1 |       ||     1
       Meat ration       |       |       |     1 ||     1
Armor: Scale mail        |    75 |   177 |    13 ||   265
Dodge: Dodged            |    62 |    67 |     5 ||   134
Block: Shield            |    95 |   139 |    11 ||   245
